 Dungeon Crawl Stone Soup version 0.20.1-1-g8b1a95d (webtiles) character file.

654 t3hbunneh the Cudgeler (level 7, -1/55 HPs)
             Began as a Demonspawn Fighter on Oct 26, 2017.
             Slain by an orc warrior
             ... wielding a +0 scimitar
              (23 damage)
             ... on level 5 of the Dungeon.
             The game lasted 00:12:20 (3531 turns).

t3hbunneh the Cudgeler (Demonspawn Fighter)         Turns: 3531, Time: 00:12:21

Health: -1/55      AC:  6    Str: 23    XL:     7   Next: 29%
Magic:  7/7        EV:  5    Int:  9    God:
Gold:   140        SH: 14    Dex: 14    Spells: 6/6 levels left

rFire    . . .     SeeInvis .   a - +0 flail
rCold    + . .     Gourm    .   s - +0 large shield
rNeg     . . .     Faith    .   b - +0 scale mail
rPois    .         Spirit   .   (no helmet)
rElec    +         Reflect  .   (no cloak)
rCorr    .         Harm     .   (no gloves)
MR       .....                  (no boots)
Stlth    +.........             (no amulet)
Regen    0.2/turn               (no ring)
MPRegen  0.1/turn               (no ring)

@: no status effects
A: claws 1, hooves 1, thin skeletal structure 1, cold resistance 1, icemail,
powered by death 1, electricity resistance, strong 2, freezing cloud immunity
a: no special abilities


You were on level 5 of the Dungeon.
You were not hungry.

You visited 1 branch of the dungeon, and saw 5 of its levels.

You collected 140 gold pieces.

Inventory:

Hand Weapons
 a - a +0 flail (weapon)
Armour
 b - a +0 scale mail (worn)
 c - a +0 shield
 s - a +0 large shield (worn)
Jewellery
 l - a cursed amulet of inaccuracy {unknown}
 u - an uncursed ring of ice {unknown}
 v - an uncursed amulet of rage
Scrolls
 e - 2 scrolls of blinking
 g - a scroll of fear
 n - a scroll of amnesia
 r - 2 scrolls of identify
Potions
 d - 2 potions of might
 h - a potion of flight
 p - a potion of lignification {unknown}
 t - a potion of invisibility
 w - a potion of magic {unknown}
Comestibles
 f - 4 bread rations
 i - a royal jelly
 j - a meat ration
 k - a fruit


   Skills:
 + Level 4.4 Fighting
 * Level 6.5 Maces & Flails
 - Level 2.9 Armour
 + Level 1.1 Stealth
 - Level 2.8 Shields


You had 6 spell levels left.
You didn't know any spells.

Dungeon Overview and Level Annotations

Branches:
Dungeon (5/15)
 Temple: D:4-7

Altars:
Zin

Shops:
D:4 *

Annotations:
D:4 2 transporters, Dowan; HammerPanzer's ghost, novice DsBe


Innate Abilities, Weirdness & Mutations

You have large cloven feet.
You have a somewhat thin skeletal structure. (Dex +2, Stealth)
Your flesh is cold resistant. (rC+)
A meltable icy envelope protects you from harm. (AC +0)
You regenerate a little health from kills.
You are immune to freezing clouds.
You have sharp fingernails.
You are resistant to electric shocks. (rElec)
Your muscles are very strong. (Str +4)


Message History

You start resting.
The orc warrior throws a tomahawk of returning.
You block the tomahawk of returning.
You see here a tomahawk of returning.
You block the orc wizard's attack. The orc warrior closely misses you.
You hit the orc warrior.
The orc warrior is lightly wounded.
The orc wizard points at you and mumbles some strange words.
The puff of flame hits you! You block the orc warrior's attack.
The orc wizard casts a spell at you. You block the puff of flame.
You hit the orc warrior. Your kick misses the orc warrior.
The orc warrior is moderately wounded.
The orc warrior barely misses you.
The orc wizard hits you but does no damage.
You hit the orc warrior.
You kick the orc warrior, but do no damage.
The orc warrior is moderately wounded.
The orc warrior hits you with a scimitar!!
You die...

#. ##.#........... ######
#..#...........
#....######.##..####....?
#....#........<####......
#....#.#..#..............
#........##....####......
#.....#####....##>.o....o
#....###ooo.......###....
#....# #@###.#.#..####...
#....# #(#...#.##...# ###
#....##.###########+.....
#....##. #### #######. ..
.# .# .


You could see an orc warrior, an orc wizard and an orc.

Vanquished Creatures
  Eustachio (D:4)
  Duvessa (D:4)
  Blork the orc (D:4)
  2 hounds (D:5)
  A bullfrog skeleton (D:5)
  A centaur skeleton (D:4)
  Natasha (thrice) (D:3)
  A hound skeleton (D:4)
  5 adders
  2 oozes
  4 worms
  2 dart slugs (D:3)
  6 orcs
  A ball python (D:4)
  A giant cockroach (D:1)
  5 goblins
  3 hobgoblins
  4 jackals (D:4)
  10 kobolds
  6 bats
  4 frilled lizards
  10 rats
74 creatures vanquished.

Notes
Turn   | Place    | Note
-------+----------+-------------------------------------------
     0 | D:1      | t3hbunneh the Demonspawn Fighter began the quest for the Orb.
     0 | D:1      | Reached XP level 1. HP: 18/18 MP: 1/1
    22 | D:1      | Gained mutation: You have large cloven feet. [demonic ancestry]
    22 | D:1      | Reached XP level 2. HP: 19/24 MP: 2/2
    39 | D:1      | Reached skill level 2 in Maces & Flails
   561 | D:2      | Gained mutation: Your flesh is cold resistant. (rC+) [demonic ancestry]
   561 | D:2      | Reached XP level 3. HP: 29/29 MP: 3/3
   754 | D:2      | Gained mutation: You possess an exceptional clarity of mind. [potion of mutation]
   754 | D:2      | Gained mutation: Your muscles are strong. (Str +2) [potion of mutation]
   754 | D:2      | Gained mutation: Your muscles are very strong. (Str +4) [potion of mutation]
   981 | D:2      | Lost mutation: Your muscles are very strong. (Str +4) [potion of mutation]
   981 | D:2      | Lost mutation: You possess an exceptional clarity of mind. [potion of mutation]
   981 | D:2      | Gained mutation: You are resistant to electric shocks. (rElec) [potion of mutation]
   981 | D:2      | Gained mutation: Your muscles are very strong. (Str +4) [potion of mutation]
   981 | D:2      | Gained mutation: You have sharp fingernails. [potion of mutation]
  1022 | D:2      | Reached skill level 3 in Maces & Flails
  1298 | D:3      | Gained mutation: You are immune to freezing clouds. [demonic ancestry]
  1298 | D:3      | Reached XP level 4. HP: 20/35 MP: 4/4
  1983 | D:3      | Noticed Natasha
  1994 | D:3      | Killed Natasha
  2007 | D:3      | Reached skill level 4 in Maces & Flails
  2037 | D:3      | Noticed Natasha
  2041 | D:3      | Killed Natasha
  2041 | D:3      | Gained mutation: You regenerate a little health from kills. [demonic ancestry]
  2041 | D:3      | Reached XP level 5. HP: 38/42 MP: 5/5
  2084 | D:3      | Noticed Natasha
  2090 | D:3      | Killed Natasha
  2431 | D:4      | Found Wicommor's Assorted Antiques.
  2436 | D:4      | Found a transporter.
  2647 | D:4      | Found a glowing silver altar of Zin.
  2690 | D:4      | Noticed Blork the orc
  2705 | D:4      | Killed Blork the orc
  2705 | D:4      | Reached skill level 5 in Maces & Flails
  2705 | D:4      | Gained mutation: A meltable icy envelope protects you from harm. (AC +0) [demonic ancestry]
  2705 | D:4      | Reached XP level 6. HP: 7/48 MP: 6/6
  3011 | D:4      | Found a transporter.
  3108 | D:4      | Noticed Duvessa
  3108 | D:4      | Noticed Dowan
  3122 | D:4      | Killed Duvessa
  3130 | D:4      | Noticed HammerPanzer's ghost (novice DsBe)
  3167 | D:5      | Entered Level 5 of the Dungeon
  3167 | D:5      | Noticed Eustachio
  3219 | D:4      | Killed Eustachio
  3219 | D:4      | Reached skill level 6 in Maces & Flails
  3219 | D:4      | Reached skill level 1 in Stealth
  3219 | D:4      | Gained mutation: You have a somewhat thin skeletal structure. (Dex +2, Stealth) [demonic ancestry]
  3219 | D:4      | Reached XP level 7. HP: 20/55 MP: 7/7
  3531 | D:5      | Slain by an orc warrior

Skill      XL: |  1  2  3  4  5  6 |
---------------+-------------------+-----
Maces & Flails | 2 3 4 5 6 |  6.5
Fighting       | 4 |  4.4
Stealth        | 1 |  1.1
Armour         | |  2.9
Shields        | |  2.8

Action                   |  1- 3 |  4- 6 |  7- 9 || total
-------------------------+-------+-------+-------++-------
Melee: Flail             |   110 |   151 |    28 ||   289
       Kick              |    21 |    49 |    10 ||    80
  Use: Potion            |     7 |     1 |       ||     8
       Scroll            |       |    10 |       ||    10
 Stab: Invisible         |       |     1 |       ||     1
  Eat: Chunk             |     1 |     3 |     2 ||     6
       Fruit             |       |     3 |       ||     3
Armor: Scale mail        |    53 |   123 |    13 ||   189
Dodge: Dodged            |    27 |    41 |     7 ||    75
Block: Shield            |    53 |     7 |       ||    60
       Large shield      |       |   162 |    28 ||   190
